 Dungeon Crawl Stone Soup version 0.21-a0-625-g1119ec1 (webtiles) character file.

161 Firecrotchwizard the Ruffian (level 5, 0/50 HPs)
             Began as a Troll Fighter on Dec 24, 2017.
             Slain by Grinder (10 damage)
             ... on level 3 of the Dungeon.
             The game lasted 00:03:21 (1687 turns).

Firecrotchwizard the Ruffian (Troll Fighter)        Turns: 1687, Time: 00:03:22

Health: 0/50       AC:  5    Str: 24    XL:     5   Next: 18%
Magic:  4/4        EV:  8    Int:  4    God:
Gold:   74         SH:  9    Dex: 10    Spells: 4/4 levels left

rFire    . . .     SeeInvis .     - Unarmed
rCold    . . .     Gourm    +   b - +0 shield
rNeg     . . .     Faith    .   a - +0 robe
rPois    .         Spirit   .   (helmet restricted)
rElec    .         Reflect  .   (no cloak)
rCorr    .         Harm     .   (gloves unavailable)
MR       .....                  (boots unavailable)
Stlth    +.........             (no amulet)
HPRegen  0.56/turn              (no ring)
MPRegen  0.09/turn              (no ring)

@: lethally poisoned (0 -> 0)
A: large, unfitting armour, claws 3, fast metabolism 3, gourmand, regeneration
1, shaggy fur 1, tough skin 2
a: no special abilities


You were on level 3 of the Dungeon.
You were completely stuffed.

You visited 1 branch of the dungeon, and saw 3 of its levels.

You collected 74 gold pieces.

Inventory:

Armour
 a - a +0 robe (worn)
 b - a +0 shield (worn)
Magical Staves
 n - an uncursed staff of cold {unknown}
   (You found it on level 3 of the Dungeon)
Scrolls
 e - 3 scrolls of remove curse {unknown}
 f - a scroll of fog {unknown}
 h - a scroll of random uselessness {unknown}
 j - 2 scrolls of identify {unknown}
 k - a scroll of enchant armour {unknown}
 l - a scroll of teleportation {unknown}
 o - a scroll of fear {unknown}
Potions
 c - a potion of might
 i - 2 potions of mutation {unknown}
 m - a potion of cancellation {unknown}
 p - a potion of heal wounds {unknown}
Comestibles
 d - 5 rations {@e1}
 g - 11 chunks of flesh {@w0}


   Skills:
 - Level 2.4 Fighting
 - Level 2.4 Dodging
 + Level 3.4 Shields
 * Level 4.6 Unarmed Combat


You had 4 spell levels left.
You didn't know any spells.

Dungeon Overview and Level Annotations

Branches:
Dungeon (3/15)

Altars:
Sif Muna

Annotations:
D:2 1 runed door
D:3 Grinder


Innate Abilities, Weirdness & Mutations

You are too large for most types of armour.
You have claws for hands.
Your metabolism is lightning-fast.
You like to eat raw meat.
Your natural rate of healing is unusually fast.
You are covered in fur. (AC +1)
You have very tough skin. (AC +2)


Message History

The goblin shouts!
You hear a bark!
You hear a shout!
The goblin moves out of view.
Found a leather armour.
Found an escape hatch in the floor. 3 jackals come into view.
A jackal comes into view.
The jackal barks! x2; You hear an angry hiss.
The jackal barks!
The jackal barely misses you.
An adder comes into view.
You closely miss the jackal.
The jackal bites you but does no damage.
The goblin hits you with a dagger of venom.
Some of the chunks of flesh in your inventory have rotted away.
You take 4 damage, and have 46/50 hp.
You closely miss the jackal. You block the goblin's attack.
You barely miss the jackal.
The jackal bites you but does no damage.
You block the jackal's attack.
You closely miss the jackal. You block the jackal's attack.
You barely miss the jackal.
The jackal bites you but does no damage.
Grinder blinks!
You block the jackal's attack.
You scratch the jackal.
The jackal bites you but does no damage.
Health restored: 50 You claw the jackal!
You kill the jackal!
You block the jackal's attack.
You claw the jackal!
You kill the jackal!
The jackal bites you but does no damage.
You barely miss the jackal. The jackal closely misses you.
You barely miss the jackal. You block the jackal's attack.
You barely miss the jackal. The jackal barely misses you. The jackal bites you.
You take 1 damage, and have 49/50 hp.
You barely miss the jackal.
The jackal bites you but does no damage.
Health restored: 50 You closely miss the jackal.
You block the jackal's attack. The jackal closely misses you.
You claw the jackal!
You kill the jackal!
You miss the adder. You block the adder's attack.
You miss the adder. The adder bites you. The adder closely misses you.
You take 4 damage, and have 46/50 hp.
You claw the adder!
You kill the adder!
You closely miss the jackal. The jackal closely misses you.
The jackal bites you but does no damage.
You claw the jackal!
You kill the jackal!
You block the goblin's attack. You block the goblin's attack.
Some of the chunks of flesh in your inventory have rotted away.
Grinder blinks!
You block the goblin's attack. You block the goblin's attack.
Grinder blinks!
Health restored: 50 The goblin hits you with a dagger of venom.
You are poisoned.
Grinder blinks!
You take 2 damage, and have 48/50 hp.
You feel sick.
You take 1 damage, and have 47/50 hp.
You feel sick.
You claw the goblin!
You kill the goblin!
Unknown command.
You start resting.
You feel sick. x2
You scratch Grinder.
You feel sick. Grinder gestures at you.
You suddenly lose the ability to move!
Grinder hits you.
You writhe in agony.
Grinder says, "I used to sell toenails on the black market."
Grinder hits you but does no damage.
You feel sick. Grinder hits you.
You writhe in agony.
Grinder hits you.
You writhe in agony.
You can move again.
You take 28 damage, and have 20/50 hp.
MASSIVE DAMAGE!!
You scratch Grinder. Grinder barely misses you.
You barely miss Grinder. Grinder gestures at you.
You barely resist. You closely miss Grinder.
You feel sick. Grinder hits you.
* * * LOW HITPOINT WARNING * * *
You take 6 damage, and have 15/50 hp.
You scratch Grinder. Grinder hits you.
* * * LOW HITPOINT WARNING * * *
You writhe in agony.
* * * LOW HITPOINT WARNING * * *
You take 7 damage, and have 8/50 hp.
You barely miss Grinder. You block Grinder's attack.
You claw Grinder! You scratch Grinder but do no damage.
You feel sick. Grinder gestures at you. You resist with significant effort.
You barely miss Grinder. Grinder hits you but does no damage.
You barely miss Grinder.
Grinder says, "Just stop there for a second..."
Grinder hits you!
You die...

##.#÷.....# #.# #.#.#
#..######.# #.# #.#.#
#.....# #.# #.###.#.#
##..##.# #.#
#..##.#.####### .......#
#.#########.##.#.#......
...##### #.......#
#.##.#.#.####. ..##
#######.###..#.#.#.##...
..# #.5..###.#.#.#.##.##
..# #.#@.# #...#.#.##.#.
..# #†#### ##......##.#.
... #......##....####.#.
#...
.......#...#.#......
#....
.>[.....#.#...#.##.##
#.....
#........#.#.#....#...
######
##5..###.#.#..##..####
..... .#.#(.....#
#########.#......#


You could see Grinder.

Vanquished Creatures
  An orc priest (D:3)
  A gnoll (D:1)
  3 adders
  4 worms
  A dart slug (D:3)
  3 leopard geckos
  6 orcs (D:3)
  3 bats
  2 giant cockroaches
  6 goblins
  12 hobgoblins
  10 jackals (D:3)
  6 kobolds
  2 quokkas (D:2)
  2 frilled lizards
  7 rats
69 creatures vanquished.

Notes
Turn   | Place    | Note
-------+----------+-------------------------------------------
     0 | D:1      | Firecrotchwizard the Troll Fighter began the quest for the Orb.
     0 | D:1      | Reached XP level 1. HP: 22/22 MP: 0/0
    75 | D:1      | Reached XP level 2. HP: 25/29 MP: 1/1
   341 | D:1      | Reached skill level 3 in Unarmed Combat
   602 | D:2      | Reached XP level 3. HP: 36/36 MP: 2/2
   726 | D:2      | Reached skill level 3 in Shields
   740 | D:2      | Found a runed door.
   878 | D:2      | Reached XP level 4. HP: 42/44 MP: 3/3
  1156 | D:2      | Found a deep blue altar of Sif Muna.
  1265 | D:3      | Noticed Grinder
  1400 | D:3      | Reached skill level 4 in Unarmed Combat
  1583 | D:3      | Reached XP level 5. HP: 48/50 MP: 4/4
  1674 | D:3      | Paralysed by Grinder for 5 turns
  1682 | D:3      | HP: 8/50 [Grinder (5)]
  1687 | D:3      | Slain by Grinder

Vault maps used:
D:1:      lightli_arrival_chessboard
D:2:      lemuel_blue_sif_altar, uniq_crazy_yiuf_cottage
D:3:      first_ration, uniq_grinder

Skill      XL: |  1  2  3  4 |
---------------+-------------+-----
Unarmed Combat | 3 4 |  4.6
Shields        | 3 |  3.4
Fighting       | |  2.4
Dodging        | |  2.4

Action                   |  1- 3 |  4- 6 || total
-------------------------+-------+-------++-------
Melee: Unarmed           |    93 |   135 ||   228
 Stab: Sleeping          |     1 |     1 ||     2
  Eat: Chunk             |    14 |     7 ||    21
Armor: Robe              |    19 |    41 ||    60
Dodge: Dodged            |    17 |    46 ||    63
Block: Shield            |    38 |    60 ||    98

Table legend:
 A = Spawn XP
 B = Non-spawn XP
 C = Spawn XP percentage of total XP
 D = Spawn monster count
 E = Non-spawn monster count
 F = Spawn count percentage of total count
 G = Total turns spent on level
                    A         B        C        D         E        F      G
               +---------+---------+-------+---------+---------+-------+---------
         Total |       0 |     230 |   0.0 |       0 |      69 |   0.0 |  1687
               +---------+---------+-------+---------+---------+-------+---------
           D:1 |       0 |      40 |   0.0 |       0 |      17 |   0.0 |   600
           D:2 |       0 |      66 |   0.0 |       0 |      18 |   0.0 |   671
           D:3 |       0 |     124 |   0.0 |       0 |      34 |   0.0 |   416
               +---------+---------+-------+---------+---------+-------+---------

Vault maps used:
D:1:      lightli_arrival_chessboard
D:2:      lemuel_blue_sif_altar, uniq_crazy_yiuf_cottage
D:3:      first_ration, uniq_grinder

Table legend:
 A = Turns spent in this place as a percentage of turns spent in the entire game.
 B = Non-inter-level travel turns spent in this place as a percentage of non-inter-level travel turns spent in the entire game.
 C = Inter-level travel turns spent in this place as a percentage of turns spent in this place.
 D = Turns resting spent in this place as a percentage of non-inter-level travel turns spent in this place.
 E = Turns spent auto-exploring this place as a percentage of non-inter-level travel turns spent in this place.
 F = Non-inter-level travel turns spent in this place divided by the number of levels of this place that you've seen.
                   A       B       C       D       E      F
               +-------+-------+-------+-------+-------+----------------------
         Total | 100.0 | 100.0 |   5.5 |   5.9 |  67.1 | 531.3
       Dungeon | 100.0 | 100.0 |   5.5 |   5.9 |  67.1 | 531.3
               +-------+-------+-------+-------+-------+----------------------

Table legend:
 A = Kills in this place as a percentage of kills in entire the game.
 B = Kills by you in this place as a percentage of kills by you in the entire game.
 C = Kills by friends in this place as a percentage of kills by friends in the entire game.
 D = Other kills in this place as a percentage of other kills in the entire game.
 E = Experience gained in this place as a percentage of experience gained in the entire game.
 F = Experience gained in this place divided by the number of levels of this place that you have seen.
                   A       B       C       D       E      F
               +-------+-------+-------+-------+-------+----------------------
         Total | 100.0 | 100.0 |   N/A |   N/A | 100.0 |  76.7
       Dungeon | 100.0 | 100.0 |   N/A |   N/A | 100.0 |  76.7
               +-------+-------+-------+-------+-------+----------------------
